 Dungeon Crawl Stone Soup version 0.30-b1-2-g02819fbbbe (webtiles) character file.

Game seed: 13941221637766076782

133 Borgoz the Cudgeller (level 5, -1/49 HPs)
             Began as a Gargoyle Berserker on June 18, 2023.
             Was a Believer of Trog.
             Slain by a goblin
             ... wielding a +0 dagger
             ... led by Robin
              (2 damage)
             ... on level 2 of the Dungeon.
             The game lasted 00:01:36 (1321 turns).

Borgoz the Cudgeller (Gargoyle Berserker)           Turns: 1321, Time: 00:01:37

Health: -1/49      AC:  9    Str: 20    XL:     5   Next: 16%
Magic:  5/5        EV: 11    Int:  8    God:    Trog [**....]
Gold:   91         SH:  0    Dex: 11    Spells: 4/4 levels left

rFire   . . .        a - +0 mace
rCold   . . .        (no shield)
rNeg    + . .        d - +0 ring mail
rPois   ∞            (no helmet)
rElec   +            (no cloak)
rCorr   .            (no gloves)
SInv    .            (no boots)
Will    .....        (no amulet) Stlth
                     (no ring)
HPRegen 0.28/turn    (no ring)
MPRegen 0.09/turn

%: no passive effects
@: berserking (expiring), very quick
A: sickness immunity, AC +4, negative energy resistance 1, electricity
resistance, torment resistance 1, petrification resistance
a: Renounce Religion, Berserk, Trog's Hand


You were on level 2 of the Dungeon.
You worshipped Trog.
Trog was pleased with you.
You visited 1 branch of the dungeon, and saw 3 of its levels.

You collected 91 gold pieces.

Inventory:

Hand Weapons
 a - a +0 mace (weapon)
Armour
 d - a +0 ring mail (worn)
Wands
 i - a wand of flame (19)
Scrolls
 c - 2 scrolls of identify {unknown}
 e - a scroll of amnesia {unknown}
 g - 2 scrolls of magic mapping {unknown}
 h - a scroll of teleportation {unknown}
Potions
 b - 2 potions of berserk rage {unknown}
 f - a potion of heal wounds {unknown}
 j - a potion of curing {unknown}
 k - a potion of mutation {unknown}


   Skills:
 + Level 4.0 Fighting
 * Level 4.2 Maces & Flails
 + Level 3.2 Armour
 + Level 2.3 Dodging


You had 4 spell levels left.
You didn't know any spells.
Your spell library was empty.

Dungeon Overview and Level Annotations

Branches:
Dungeon (3/15)

Altars:
Nemelex Xobeh

Shops:
D:1 ?

Annotations:
D:2 Robin, Terence


Innate Abilities, Weirdness & Mutations

You are immune to sickness and miasma.
Your stone body is resilient. (AC +4)
You are immune to poison.
You resist negative energy. (rN+)
You are resistant to electric shocks. (rElec)
You are resistant to unholy torment.
You are immune to petrification.


Message History

You kill the goblin!
Trog accepts your kill.
You barely miss the goblin. The goblin barely misses you.
The goblin misses you.
A goblin comes into view. It is wielding a +0 dagger.
The goblin hits you with a +0 dagger. Terence hits you but does no damage.
You sock the goblin!
You kill the goblin!
Trog accepts your kill. Something throws the goblin at you!
The goblin hits you but does no damage. x2
Terence closely misses you.
You barely miss the goblin.
The goblin no longer looks unusually strong.
The hobgoblin hits you but does no damage.
The goblin hits you but does no damage. Something hits you!
* * * LOW HITPOINT WARNING * * *
The goblin hits you with a +0 dagger.
* * * LOW HITPOINT WARNING * * *
Terence hits you from afar with a +0 trident.
* * * LOW HITPOINT WARNING * * *
You barely miss the goblin.
The goblin no longer looks unusually strong.
The goblins go into a battle-frenzy!
A hobgoblin comes into view.
The goblin hits you with a +0 dagger.
* * * LOW HITPOINT WARNING * * *
The goblin barely misses you.
The hobgoblin shouts!
Items here: ))) ††.
You feel a strong urge to attack something.
Your skin stops crawling.
You feel less strong-willed. Something throws the goblin at you!
The goblin hits you with a +0 dagger.
* * * LOW HITPOINT WARNING * * *
The goblin closely misses you.
You sock the goblin!
You kill the goblin!
Trog accepts your kill. The hobgoblin barely misses you.
Terence hits you but does no damage. The goblin hits you with a +0 dagger.
You die...

#............##
...............#
####.###....#.... #.
#....#.### #
#.###....#:).. #.
#...........#.
#.###.###########...###.#.
.g.g.g{.g.).............#.
#.)@g@..######.###....
#.#####...# #.###.### #
###.## #........
#..###.####### ##..##.#
##.##.#### #.......###
####......## #####....


You could see Terence, 2 hobgoblins and 2 goblins.

Vanquished Creatures
  A scorpion (D:3)
  3 adders
  A dart slug (D:1)
  2 orcs (D:3)
  5 ball pythons
  4 endoplasms
  10 goblins
  2 hobgoblins
  4 kobolds
  3 quokkas
  4 bats
  2 frilled lizards
  2 rats
43 creatures vanquished.

Notes
Turn   | Place    | Note
-------+----------+-------------------------------------------
     0 | D:1      | Borgoz the Gargoyle Berserker began the quest for the Orb.
     0 | D:1      | Reached XP level 1. HP: 14/14 MP: 1/1
   144 | D:1      | Reached XP level 2. HP: 19/19 MP: 2/2
   185 | D:1      | Found Otaohatu's Magic Scroll Boutique.
   568 | D:2      | Reached XP level 3. HP: 17/23 MP: 3/3
   748 | D:2      | You fall into a shaft and drop 1 floor!
   760 | D:3      | Reached ** piety under Trog
   774 | D:3      | Reached XP level 4. HP: 28/29 MP: 4/4
   853 | D:3      | Found a sparkling altar of Nemelex Xobeh.
   888 | D:3      | Noticed a sky beast
   889 | D:3      | Noticed a water moccasin
   910 | D:3      | Noticed a scorpion
   926 | D:3      | Killed a scorpion
   927 | D:3      | Reached XP level 5. HP: 19/33 MP: 5/5
  1302 | D:2      | Noticed Robin
  1311 | D:2      | Noticed Terence
  1320 | D:2      | HP: 1/49 [goblin/+0 dagger[Robin] (2)]
  1321 | D:2      | Slain by a goblin

Illustrated notes

Levels and vault maps discovered:
D:1:      psy_arrival_dodecagon, layout_loops_cross, serial_shops,
          nicolae_shop_tiny_glass
D:2:      layout_basic, minivault_24, minmay_tromino_i4, uniq_robin,
          uniq_terence
D:3:      layout_basic, mainiacjoe_overflow_alcove_1, nemelex_dance_club_becter,
          mrwooster_statue_mirror, hex_intersection, lightli_corner_chamber

Skill      XL: |  1  2  3  4 |
---------------+-------------+-----
Dodging        | 2 |  2.3
Fighting       | 4 |  4.0
Maces & Flails | 4 |  4.2
Armour         | 3 |  3.2

Action                     |  1- 3 |  4- 6 || total
---------------------------+-------+-------++-------
  Melee: Mace              |    82 |    46 ||   128
         Punch             |       |     1 ||     1
 Invoke: Berserk           |       |     2 ||     2
         Trog's Hand       |       |     1 ||     1
 Armour: Ring mail         |    36 |    36 ||    72
  Dodge: Dodged            |    66 |    46 ||   112
